 Dungeon Crawl Stone Soup version 0.18-a0-1654-ge73a678 (webtiles) character file.

53 Herrn the Firebug (level 4, -3/32 HPs)
             Began as a Formicid Fire Elementalist on Mar 30, 2016.
             Slain by a gnoll
             ... wielding a +0 spear
              (11 damage)
             ... on level 2 of the Dungeon.
             The game lasted 00:06:06 (1179 turns).

Herrn the Firebug (Formicid Fire Elementalist)      Turns: 1179, Time: 00:06:07

Health: -3/32      AC:  2    Str: 13    XL:     4   Next: 10%
Magic:  6/16       EV:  7    Int: 15    God:
Gold:   50         SH:  0    Dex: 11    Spells: 1 memorised, 7 levels left

rFire  . . .     SeeInvis +     m - +0 hand axe
rCold  . . .     Gourm    .     a - +0 robe
rNeg   . . .     Faith    .     (no shield)
rPois  .         Spirit   .     (helmet unavailable)
rElec  .         Dismiss  .     (no cloak)
rCorr  .         Reflect  .     (no gloves)
SustAt .         Harm     .     (no boots)
MR     .....                    (no amulet)
Stlth  ++........               (no ring)
                                i - ring of magical power

@: very slightly contaminated, not resistant to hostile enchantments, unstealthy
A: permanent stasis, dig shafts and tunnels, four strong arms, antennae 3
a: Dig, Shaft Self


You were on level 2 of the Dungeon.
You were hungry.

You visited 1 branch of the dungeon, and saw 2 of its levels.

You collected 50 gold pieces.

Inventory:

Hand Weapons
 m - a +0 hand axe (weapon)
Armour
 a - a +0 robe (worn)
Jewellery
 i - a ring of magical power (left hand)
Scrolls
 d - 2 scrolls of remove curse {unknown}
 f - 2 scrolls of identify {unknown}
 h - 2 scrolls of recharging {unknown}
 k - a scroll of enchant weapon {unknown}
 o - a scroll of fog {unknown}
 q - a scroll of blinking {unknown}
Potions
 e - a potion of berserk rage {unknown}
 g - a potion of cure mutation {unknown}
 j - 2 potions of haste {unknown}
Books
 b - a book of Flames

   Spells                             Type                      Level
   a - Flame Tongue                   Conjuration/Fire             1
   b - Throw Flame                    Conjuration/Fire             2
   c - Conjure Flame                  Conjuration/Fire             3
   d - Inner Flame                    Hexes/Fire                   3
   e - Sticky Flame                   Conjuration/Fire             4
   f - Fireball                       Conjuration/Fire             5
Comestibles
 c - 2 bread rations
 l - a beef jerky
 p - a meat ration


   Skills:
 * Level 1.3 Fighting
 * Level 1.0 Axes
 + Level 1.9 Dodging
 - Level 2.4 Stealth
 + Level 2.5 Spellcasting
 * Level 1.6 Conjurations
 + Level 3.4 Fire Magic


You had 7 spell levels left.
You knew the following spells:

 Your Spells              Type           Power        Failure   Level  Hunger
a - Flame Tongue          Conj/Fire      #....        10%         1    #......


Dungeon Overview and Level Annotations

Branches:
Dungeon (2/15)

Altars:


Innate Abilities, Weirdness & Mutations

You are under a permanent stasis effect.
You can dig through walls and to a lower floor.
Your four strong arms can wield two-handed weapons with a shield.
You have a pair of large antennae on your head (SInv).


Message History

Confirm with . or Enter, or press ? or * to list all spells.
Aiming: Flame Tongue
Press: ? - help, Shift-Dir - straight line, f/p - gnoll
Aim: a gnoll, wielding a spear (heavily wounded)
You miscast Flame Tongue.
You are very lightly contaminated with residual magic.
Sparks fly from your hands!
You are feeling hungry.
The gnoll hits you from afar with a spear!
* * * LOW HITPOINT WARNING * * *
The gnoll misses you.
Casting: Flame Tongue
Confirm with . or Enter, or press ? or * to list all spells.
Aiming: Flame Tongue
Press: ? - help, Shift-Dir - straight line, f - you, p - gnoll
Okay, then.
Unknown command.
Unknown command.
The gnoll hits you from afar with a spear!
You die...

# { ..< #
.##..####### .#
...........##.#
###..###@.g...####
#.......g.......
#..####..###### #
#..# .....#
##.#.## #..## {
... ....


You could see 2 gnolls.

Vanquished Creatures
  2 gnolls (D:2)
  An adder (D:2)
  An ooze (D:1)
  A dart slug (D:1)
  2 goblins (D:1)
  2 hobgoblins (D:1)
  4 jackals (D:1)
  3 bats (D:1)
  A giant newt (D:1)
  2 kobolds (D:1)
  A rat (D:1)
20 creatures vanquished.

Notes
Turn   | Place    | Note
--------------------------------------------------------------
     0 | D:1      | Herrn the Formicid Fire Elementalist began the quest for the Orb.
     0 | D:1      | Reached XP level 1. HP: 13/13 MP: 3/3
   123 | D:1      | Reached skill level 1 in Conjurations
   261 | D:1      | Reached skill level 1 in Fighting
   261 | D:1      | Reached XP level 2. HP: 21/21 MP: 5/5
   605 | D:1      | Reached XP level 3. HP: 23/26 MP: 6/6
   750 | D:2      | Reached skill level 1 in Axes
  1168 | D:2      | Reached XP level 4. HP: 32/32 MP: 7/7
  1179 | D:2      | Slain by a gnoll

Vault maps used:
D:1:      saegor_arrival_simple_f, minmay_misc_feat_roman
D:2:      nemelex_xobeh_ov_fountains_minmay, first_bread

Skill      XL: |  1  2  3 |
---------------+----------+-----
Conjurations   | 1 |  1.6
Fighting       | 1 |  1.3
Axes           | 1 |  1.0
Dodging        | |  1.9
Stealth        | |  2.4
Spellcasting   | |  2.5
Fire Magic     | |  3.4

Action                   |  1- 3 |  4- 6 || total
-------------------------+-------+-------++-------
Melee: Unarmed           |     1 |       ||     1
 Cast: Flame Tongue      |    39 |     8 ||    47
  Eat: Chunk             |     1 |       ||     1
